 Dungeon Crawl Stone Soup version 0.29.0-10-g45618ea6d2 (webtiles) character file.

Game seed: 17972936250935524671

9 SensoryNuts the Trooper (level 2, -2/24 HPs)
             Began as a Demonspawn Fighter on Sept 2, 2022.
             Frozen to death by an endoplasm (5 damage)
             ... on level 1 of the Dungeon.
             The game lasted 00:00:15 (95 turns).

SensoryNuts the Trooper (Demonspawn Fighter)          Turns: 95, Time: 00:00:16

Health: -2/24      AC:  6    Str: 16    XL:     2   Next: 3%
Magic:  2/2        EV:  9    Int:  9    God:
Gold:   23         SH:  4    Dex: 12    Spells: 1/1 levels left

rFire   . . .      SeeInvis .   a - +0 long sword
rCold   . . .      Faith    .   c - +0 buckler
rNeg    . . .      Spirit   .   b - +0 scale mail
rPois   .          Reflect  .   (no helmet)
rElec   .          Harm     .   (no cloak)
rCorr   .          Rampage  .   (no gloves)
Will    .....                   (no boots)
Stlth   ..........              (no amulet)
HPRegen 0.08/turn               (no ring)
MPRegen 0.08/turn               (no ring)

@: no status effects
A: powered by pain 1
a: no special abilities


You were on level 1 of the Dungeon.
You visited 1 branch of the dungeon, and saw 1 of its levels.

You collected 23 gold pieces.

Inventory:

Hand Weapons
 a - a +0 long sword (weapon)
Armour
 b - a +0 scale mail (worn)
 c - a +0 buckler (worn)
 f - a +0 cloak
Scrolls
 e - a scroll of identify {unknown}
Potions
 d - a potion of might


   Skills:
 + Level 3.1 Fighting
 * Level 2.0 Long Blades
 + Level 2.8 Armour
 + Level 0.3 Dodging
 + Level 2.8 Shields


You had one spell level left.
You didn't know any spells.
Your spell library was empty.

Dungeon Overview and Level Annotations

Branches:
Dungeon (1/15)

Altars:


Innate Abilities, Weirdness & Mutations

You sometimes gain a little power by taking damage.


Message History

You block the hobgoblin's attack.
Your Long Blades skill increases to level 2!
You closely miss the hobgoblin. The hobgoblin barely misses you.
You hit the hobgoblin.
You kill the hobgoblin!
You closely miss the kobold. The kobold closely misses you.
The kobold hits you but does no damage.
You hit the kobold.
You kill the kobold!
The ball python bites you but does no damage.
The ball python closely misses you.
You completely miss the ball python.
The ball python bites you but does no damage.
The ball python grabs you. The ball python constricts you.
The ball python bites you.
* * * LOW HITPOINT WARNING * * *
The ball python constricts you.
You barely miss the ball python. The ball python barely misses you.
The ball python constricts you.
You barely miss the ball python. The ball python bites you.
* * * LOW HITPOINT WARNING * * *
The ball python constricts you. You block the ball python's attack.
The ball python constricts you.
You barely miss the ball python. You block the ball python's attack.
The ball python constricts you. The ball python barely misses you.
The ball python constricts you.
You hit the ball python.
The ball python is heavily wounded.
You block the ball python's attack. The ball python constricts you.
* * * LOW HITPOINT WARNING * * *
You slash the ball python!
You kill the ball python!
You have reached level 2!
Your demonic ancestry asserts itself...
You feel energised by your suffering.
You hit the endoplasm.
The endoplasm is lightly wounded.
The endoplasm freezes you.
You are frozen.
You die...

#### .... .. .....
.# ..... #####.#
...$.. #... ..
......###.## .#
..........!# .#
#......$.>w##.#
#.#..####.gJ@.#
..... #.)####
.##.#.####..####.
#...#............#
##.#####.....#####
#..#...#.....#...#.
#.#.8.#.....#.8.#.
#.#...#.....#...#.
#.#####.....#####.


You could see a dart slug, an endoplasm and a goblin.

Vanquished Creatures
  A ball python (D:1)
  A giant cockroach (D:1)
  A hobgoblin (D:1)
  A kobold (D:1)
  A quokka (D:1)
  2 goblins (D:1)
7 creatures vanquished.

Notes
Turn   | Place    | Note
-------+----------+-------------------------------------------
     0 | D:1      | SensoryNuts the Demonspawn Fighter began the quest for the
                  | Orb.
     0 | D:1      | Reached XP level 1. HP: 18/18 MP: 1/1
    95 | D:1      | Gained mutation: You sometimes gain a little power by
                  | taking damage. [demonic ancestry]
    95 | D:1      | Reached XP level 2. HP: 2/24 MP: 2/2
    95 | D:1      | Frozen to death by an endoplasm

Illustrated notes

Levels and vault maps discovered:
D:1:      minmay_arrival_glassed_features, layout_basic,
          nicolae_ecumenical_snake_handling

Skill      XL: |  1 |
---------------+----+-----
Long Blades    | 2 |  2.0
Fighting       | |  3.1
Armour         | |  2.8
Dodging        | |  0.3
Shields        | |  2.8

Action                   || total
-------------------------++-------
Melee: Long sword        ||    25
Armor: Scale mail        ||    15
Dodge: Dodged            ||    11
Block: Buckler           ||    14
